 Dungeon Sprint DCSS version 0.23-a0-143-g1adec7b (webtiles) character file.

350 Fang the Fighter (level 6, 0/70 HPs)
             Began as a Gargoyle Berserker on Sept 5, 2018.
             Was an Elder of Trog.
             Killed from afar by a tengu conjurer (14 damage)
             ... with a lance of force
             ... in the Dungeon (Sprint IX: "|||||||||||||||||||||||||||||").
             The game lasted 00:00:56 (564 turns).

Fang the Fighter (Gargoyle Berserker)                Turns: 564, Time: 00:00:56

Health: 0/70       AC:  6    Str: 36    XL:     6   Next: 60%
Magic:  6/6        EV: 15    Int:  7    God:    Trog [****..]
Gold:   0          SH:  0    Dex:  9    Spells: 5/5 levels left

rFire    . . .     SeeInvis .   m - +1 broad axe "Teaseoge" {chop, rPois Str+5}
rCold    . . .     Gourm    .   (no shield)
rNeg     + . .     Faith    .   b - +0 animal skin
rPois    ∞         Spirit   .   (no helmet)
rElec    +         Reflect  .   (no cloak)
rCorr    .         Harm     .   (no gloves)
MR       .....     NoTele   +   (no boots)
Stlth    ..........             (no amulet)
HPRegen  0.21/turn              n - +3 ring of strength
MPRegen  0.10/turn              o - +2 ring of evasion

@: berserking, very quick
A: negative energy resistance 1, electricity resistance, unbreathing,
petrification resistance, rot immunity, AC +4
a: Berserk, Trog's Hand, Brothers in Arms, Renounce Religion


You were in the Dungeon.
You worshipped Trog.
Trog was greatly pleased with you.
You were hungry.

You visited 1 branch

Inventory:

Hand Weapons
 m - the +1 broad axe "Teaseoge" (weapon) {chop, rPois Str+5}
   (You found it in the Dungeon)

   It inflicts extra damage upon your enemies.
   It affects your strength (+5).
   It protects you from poison.
Armour
 b - a +0 animal skin (worn)
Jewellery
 n - a +3 ring of strength (left hand)
 o - a +2 ring of evasion (right hand)
Wands
 l - a wand of iceblast (10)
Scrolls
 i - 2 scrolls of blinking
 k - 3 scrolls of remove curse
Potions
 d - 5 potions of curing
 e - 3 potions of heal wounds
 f - a potion of haste
 g - 4 potions of magic
 h - a potion of berserk rage
 j - a potion of invisibility
Comestibles
 c - a ration


   Skills:
 + Level 9.4 Fighting
 + Level 8.5 Axes
 + Level 4.3 Armour
 + Level 4.5 Dodging
 + Level 2.2 Stealth


You had 5 spell levels left.
You didn't know any spells.
Your spell library was empty.

Dungeon Overview and Level Annotations

Branches:
Dungeon (1/1)

Altars:
Cheibriados
Dithmenos
Elyvilon
Fedhas
Gozag
Hepliaklqana
Kikubaaqudgha
Makhleb
Nemelex Xobeh
Okawaru
Qazlal
Ru
Sif Muna
Trog
Uskayaw
Vehumet
Wu Jian
Xom
Yredelemnul
Zin
The Shining One
Beogh
Jiyva
Lugonu


Innate Abilities, Weirdness & Mutations

You are resistant to torment.
Your stone body is resilient. (AC +4)
You are immune to poison.
You resist negative energy. (rN+)
You are resistant to electric shocks. (rElec)
You can survive without breathing.
You are immune to petrification.
You are immune to rotting.


Message History

Unknown command.
You fail to use your ability.
The tengu conjurer gestures at you while chanting.
The orb of energy hits you!
Ouch! That really hurt!
* * * LOW HITPOINT WARNING * * *
The tengu conjurer points at you and mumbles some strange words.
The orb of energy misses you.
The orb of energy explodes!
Unknown command.
A red film seems to cover your vision as you go berserk!
You feel yourself moving faster!
You feel mighty!
You are feeling hungry.
The tengu conjurer blocks your attack. The tengu conjurer hits you.
* * * LOW HITPOINT WARNING * * *
The tengu conjurer closely misses you. The tengu conjurer barely misses you.
Unknown command.
You miss the tengu conjurer.
The tengu conjurer gestures at you while chanting.
The lance of force hits you!
You die... ▓▓▓▓▓▓▓▓▓▓▓▓▓▓▓▓▓▓▓▓▓▓▓▓▓▓▓▓▓▓ +oY...o'YHuJQ@)).[[[)|?.'_____ ▓▓▓▓▓▓▓▓▓▓▓▓▓▓▓▓▓▓▓▓▓▓▓▓▓▓▓▓▓▓

You could see a white ugly thing, a slime creature, a manticore, a yak, a tengu conjurer and an orc warrior.

Vanquished Creatures
  A wyvern (D)
  A black bear (D)
  2 hounds (D)
  A jelly (D)
  A shadow imp (D)
  3 orcs (D)
  A bat (D)
  A giant cockroach (D)
  2 goblins (D)
  A jackal (D)
  2 quokkas (D)
16 creatures vanquished.

Notes
Turn   | Place    | Note
-------+----------+-------------------------------------------
     0 | D        | Fang the Gargoyle Berserker began the quest for the Orb.
     0 | D        | Reached XP level 1. HP: 14/14 MP: 1/1
     6 | D        | Reached skill level 4 in Fighting
    15 | D        | Reached ** piety under Trog
    21 | D        | Reached XP level 2. HP: 16/20 MP: 2/2
    93 | D        | Reached skill level 5 in Fighting
    95 | D        | Reached *** piety under Trog
    97 | D        | Reached skill level 6 in Fighting
    97 | D        | Reached XP level 3. HP: 18/27 MP: 3/3
   104 | D        | Reached skill level 5 in Axes
   104 | D        | Reached XP level 4. HP: 16/32 MP: 4/4
   300 | D        | Found a roughly hewn altar of Beogh.
   300 | D        | Found a snail-covered altar of Cheibriados.
   300 | D        | Found a shadowy altar of Dithmenos.
   300 | D        | Found a white marble altar of Elyvilon.
   300 | D        | Found a blossoming altar of Fedhas.
   300 | D        | Found an opulent altar of Gozag.
   301 | D        | Found a hazy altar of Hepliaklqana.
   302 | D        | Found a viscous altar of Jiyva.
   303 | D        | Found an ancient bone altar of Kikubaaqudgha.
   304 | D        | Found a corrupted altar of Lugonu.
   305 | D        | Found a burning altar of Makhleb.
   306 | D        | Found a sparkling altar of Nemelex Xobeh.
   307 | D        | Found an iron altar of Okawaru.
   308 | D        | Found a stormy altar of Qazlal.
   309 | D        | Found a sacrificial altar of Ru.
   310 | D        | Found a deep blue altar of Sif Muna.
   311 | D        | Found a bloodstained altar of Trog.
   312 | D        | Found a hide-covered altar of Uskayaw.
   313 | D        | Found a radiant altar of Vehumet.
   314 | D        | Found an ornate altar of the Wu Jian Council.
   315 | D        | Found a shimmering altar of Xom.
   316 | D        | Found a basalt altar of Yredelemnul.
   317 | D        | Found a glowing silver altar of Zin.
   318 | D        | Found a glowing golden altar of the Shining One.
   339 | D        | Got the +1 broad axe "Teaseoge" {chop, rPois Str+5}
   351 | D        | Noticed a black bear
   351 | D        | Noticed a wyvern
   357 | D        | Killed a wyvern
   357 | D        | Reached **** piety under Trog
   357 | D        | Reached skill level 8 in Fighting
   357 | D        | Reached skill level 1 in Stealth
   357 | D        | Reached XP level 5. HP: 24/40 MP: 5/5
   360 | D        | Killed a black bear
   360 | D        | Reached skill level 9 in Fighting
   360 | D        | Reached XP level 6. HP: 28/46 MP: 6/6
   364 | D        | Reached ***** piety under Trog
   550 | D        | Noticed an orc warrior
   550 | D        | Noticed a yak
   550 | D        | Noticed a manticore
   550 | D        | Noticed a white ugly thing
   550 | D        | Noticed a tengu conjurer
   550 | D        | Noticed a slime creature
   564 | D        | Killed from afar by a tengu conjurer

Vault maps used:
D:        linesprint

Skill      XL: |  1  2  3  4  5 |
---------------+----------------+-----
Axes           | 3 4 5 7 8 |  8.5
Fighting       | 4 6 8 9 |  9.4
Dodging        | 2 3 4 |  4.5
Armour         | 3 4 |  4.3
Stealth        | 1 2 |  2.2

Action                   |  1- 3 |  4- 6 || total
-------------------------+-------+-------++-------
Melee: Hand axe          |    36 |       ||    36
       Broad axe         |       |    14 ||    14
Invok: Berserk           |     1 |     2 ||     3
       Brothers in Arms  |       |     1 ||     1
  Eat: Chunk             |       |     1 ||     1
Armor: Animal skin       |     8 |       ||     8
Dodge: Dodged            |    20 |    11 ||    31

Table legend:
 A = Non-vault XP
 B = Vault XP
 C = Vault XP percentage of total XP
 D = Non-vault monster count
 E = Vault monster count
 F = Vault count percentage of total count
                 A         B        C        D         E       F
            +---------+---------+-------+---------+---------+-------
      Total |       0 |     500 | 100.0 |       0 |      16 | 100.0
            +---------+---------+-------+---------+---------+-------
          D |       0 |     500 | 100.0 |       0 |      16 | 100.0
            +---------+---------+-------+---------+---------+-------
